 Seeded DCSS version 0.28-a0-724-g66f9036eb4 (webtiles) character file.

Game seed: 20211027 (custom seed)

700 a11behringer the Carver (level 7, -8/91 HPs)
             Began as a Minotaur Berserker on Oct 27, 2021.
             Was a Priest of Trog.
             Mangled by an orc warrior (14 damage)
             ... on level 5 of the Dungeon.
             The game lasted 00:14:24 (3954 turns).

a11behringer the Carver (Minotaur Berserker)        Turns: 3954, Time: 00:14:24

Health: -8/91      AC: 12    Str: 26    XL:     7   Next: 38%
Magic:  6/6        EV:  9    Int:  4    God:    Trog [***...]
Gold:   219        SH:  0    Dex: 10    Spells: 6/6 levels left

rFire   . . .      SeeInvis .   u - +6 great sword "Ismomnud" {drain, rC+ Str+3}
rCold   + . .      Faith    .   (shield currently unavailable)
rNeg    . . .      Spirit   .   x - +0 chain mail
rPois   .          Reflect  .   (helmet restricted)
rElec   .          Harm     .   h - +0 cloak
rCorr   .          Rampage  .   l - +0 pair of gloves
Will    +++..                   (no boots)
Stlth   ..........              (no amulet)
HPRegen 1.25/turn               n - ring of willpower
MPRegen 0.10/turn               (no ring)

@: berserking, strong-willed, regenerating, very quick
A: horns 2, retaliatory headbutt
a: Renounce Religion, Berserk, Trog's Hand


You were on level 5 of the Dungeon.
You worshipped Trog.
Trog was most pleased with you.
You visited 1 branch of the dungeon, and saw 5 of its levels.
You also visited: Ossuary.

You collected 460 gold pieces.
You spent 241 gold pieces at shops.

Inventory:

Hand Weapons
 a - a +0 falchion
 u - the +6 great sword "Ismomnud" (weapon) {drain, rC+ Str+3}
   (You bought it in a shop on level 1 of the Dungeon)

   A truly terrible weapon, it drains the life of any living foe it strikes.
   Str:       It affects your strength (+3).
   rC:        It protects you from cold.
 v - a +0 hunting sling
Missiles
 i - 28 sling bullets
 w - 2 throwing nets (quivered)
Armour
 b - a +0 animal skin
 g - a +0 ring mail
 h - a +0 cloak (worn)
 l - a +0 pair of gloves (worn)
 x - a +0 chain mail (worn)
Jewellery
 n - a ring of willpower (left hand)
Scrolls
 c - 5 scrolls of identify
 k - a scroll of summoning
 m - 2 scrolls of fear {unknown}
 p - a scroll of teleportation {unknown}
 q - a scroll of vulnerability {unknown}
 t - a scroll of enchant armour {unknown}
Potions
 d - 2 potions of flight
 e - a potion of attraction {unknown}
 f - 3 potions of heal wounds {unknown}
 j - a potion of mutation {unknown}
 o - a potion of resistance {unknown}
 r - a potion of berserk rage {unknown}
 s - a potion of curing {unknown}


   Skills:
 + Level 5.1 Fighting
 * Level 8.4 Long Blades
 + Level 4.6 Armour
 + Level 3.3 Dodging


You had 6 spell levels left.
You didn't know any spells.
Your spell library was empty.

Dungeon Overview and Level Annotations

Branches:
Dungeon (5/15)            Ossuary (visited)
 Temple: D:4-7

Altars:
Gozag
Makhleb

Shops:
D:1 (   D:4 ?

Annotations:
D:4 3 runed translucent doors, Chaicat's ghost, amateur MiBe


Innate Abilities, Weirdness & Mutations

You have a pair of horns on your head.
You reflexively headbutt those who attack you in melee.


Message History

You slice the howler monkey skeleton!!
You destroy the howler monkey skeleton!
Trog accepts your kill.
You hear a shout! x3 2 orcs, an orc warrior and a phantom come into view.
The orc warrior is wielding a +1 vorpal glaive.
The orc shouts! x2
An orc comes into view. It is wielding a +0 club.
The orc moves out of view.
You see here 17 gold pieces.
You now have 219 gold pieces (gained 17).
You slice the orc!!
You kill the orc!
Trog accepts your kill. The scorpion zombie hits you.
You slice the scorpion zombie!!
The scorpion zombie is severely damaged.
The orc warrior hits you from afar with a +1 vorpal glaive!
The scorpion zombie hits you but does no damage.
You completely miss the scorpion zombie.
You headbutt the scorpion zombie.
The scorpion zombie is severely damaged.
The orc warrior hits you from afar with a +1 vorpal glaive!
The scorpion zombie hits you but does no damage.
You slice the scorpion zombie!!
You destroy the scorpion zombie!
Trog accepts your kill.
The orc warrior hits you from afar with a +1 vorpal glaive.
The orc warrior hits you from afar with a +1 vorpal glaive!
* * * LOW HITPOINT WARNING * * *
Your skin crawls.
You feel strong-willed.
The orc warrior hits you from afar with a +1 vorpal glaive!
* * * LOW HITPOINT WARNING * * *
x2
Things that are here:
a +0 club; a +0 leather armour A red film seems to cover your vision as you go berserk!
You feel yourself moving faster!
You feel mighty!
The orc warrior hits you with a +1 vorpal glaive!
You die...

. .. ###.#
####....# #o@..#
##o#######
#.o....... .
##......... #.###
#..........
.....##<.........
......#..........
........#####.###
......o.# ..#


You could see an orc warrior and 2 orcs.

Vanquished Creatures
  A necrophage (D:4)
  2 scorpions (D:4)
  A jelly (D:4)
  An orc priest (D:4)
  An iguana (D:4)
  2 orc wizards (D:4)
  A scorpion zombie (D:5)
  8 mummies (Ossuary)
  8 gnolls (D:4)
  A howler monkey skeleton (D:5)
  3 adders
  3 worms
  3 dart slugs
  9 orcs
  5 ball pythons
  4 endoplasms
  4 giant cockroaches
  5 hobgoblins
  3 jackals (D:4)
  8 kobolds
  A quokka (D:4)
  3 bats
  2 frilled lizards
  3 gnoll zombies (Ossuary)
  12 goblins
  3 hobgoblin zombies (Ossuary)
  A kobold zombie (Ossuary)
  An orc zombie (Ossuary)
  4 rats
103 creatures vanquished.

Vanquished Creatures (collateral kills)
  An adder (D:4)
1 creature vanquished.

Grand Total: 104 creatures vanquished

Notes
Turn   | Place    | Note
-------+----------+-------------------------------------------
     0 | D:1      | a11behringer the Minotaur Berserker began the quest for the
                  | Orb.
     0 | D:1      | Reached XP level 1. HP: 19/19 MP: 0/0
     9 | D:1      | Found Septann's Antique Weapon Shoppe.
    67 | D:1      | Reached skill level 4 in Long Blades
   236 | D:1      | Reached XP level 2. HP: 25/27 MP: 1/1
   393 | D:1      | You fall into a shaft and drop 1 floor!
   414 | D:2      | Reached XP level 3. HP: 23/33 MP: 2/2
   666 | D:1      | Reached ** piety under Trog
   772 | D:1      | Found a faded altar of an unknown god.
  1415 | D:2      | Reached skill level 5 in Long Blades
  2211 | D:3      | Reached XP level 4. HP: 40/40 MP: 3/3
  2663 | D:4      | Noticed a scorpion
  2669 | D:4      | Reached skill level 6 in Long Blades
  2669 | D:4      | Reached XP level 5. HP: 37/47 MP: 4/4
  2812 | D:4      | Found a runed translucent gate.
  2812 | D:4      | Found a runed translucent gate.
  2812 | D:4      | Found an opulent altar of Gozag.
  2814 | D:4      | Found a runed translucent gate.
  2815 | D:4      | Noticed Chaicat's ghost (amateur MiBe)
  2815 | D:4      | Noticed a centaur
  2829 | D:4      | Noticed a necrophage
  2835 | D:4      | Killed a necrophage
  2836 | D:4      | Reached skill level 7 in Long Blades
  2836 | D:4      | Reached XP level 6. HP: 34/53 MP: 5/5
  2878 | D:4      | Reached *** piety under Trog
  2902 | D:4      | Found a sand-covered staircase.
  2912 | Ossuary  | Entered an ossuary
  3434 | D:1      | Bought a brightly glowing great sword for 241 gold pieces
  3434 | D:1      | Identified the +6 great sword "Ismomnud" {drain, rC+ Str+3}
                  | (You bought it in a shop on level 1 of the Dungeon)
  3534 | D:4      | Reached XP level 7. HP: 60/60 MP: 6/6
  3580 | D:4      | Found Ynaamn's Magic Scroll Emporium.
  3585 | D:4      | Reached skill level 5 in Fighting
  3596 | D:4      | Reached skill level 8 in Long Blades
  3810 | D:4      | Found a burning altar of Makhleb.
  3932 | D:5      | Entered Level 5 of the Dungeon
  3952 | D:5      | HP: 2/61 [orc warrior (4)]
  3954 | D:5      | Mangled by an orc warrior

Illustrated notes

Levels and vault maps discovered:
D:1:      amcnicky_arrival_gap_in_the_tavern_cellar, layout_basic,
          shapermc_ecumenical_altar_mp_ritualfount, serial_shops, shop
D:2:      layout_basic
D:3:      layout_basic, minmay_quadrilaterals
D:4:      layout_cave_pools, amcnicky_altar_gilded,
          lightli_ossuary_entry_decrepit_ruins, ebering_ghost_gozag,
          serial_shops, nicolae_diamond_shop
D:5:      layout_rooms

Skill      XL: |  1  2  3  4  5  6  7 |
---------------+----------------------+-----
Long Blades    | 4 5 6 7 8 |  8.4
Fighting       | 4 5 |  5.1
Armour         | 3 4 |  4.6
Dodging        | 3 |  3.3

Action                   |  1- 3 |  4- 6 |  7- 9 || total
-------------------------+-------+-------+-------++-------
Melee: Falchion          |    85 |   128 |       ||   213
       Headbutt          |    10 |    30 |     2 ||    42
       Great sword       |       |     2 |    15 ||    17
Invok: Berserk           |     1 |     2 |     1 ||     4
       Trog's Hand       |       |     4 |     1 ||     5
  Use: Scroll            |     2 |     3 |       ||     5
Armor: Animal skin       |     5 |       |       ||     5
       Ring mail         |    13 |    46 |     4 ||    63
       Chain mail        |       |       |     3 ||     3
Dodge: Dodged            |    50 |    69 |     5 ||   124

Table legend: (Time is in decaauts)
 A = Elapsed time spent in this place.
 B = Non-inter-level travel time spent in this place.
 C = Inter-level travel time spent in this place.
 D = Time resting spent in this place.
 E = Time spent auto-exploring this place.
 F = Levels seen in this place.
 G = Mean time per level.
                   A        B        C        D        E       F      G
               +--------+--------+--------+--------+--------+-----+--------+
         Total |   3988 |   3368 |    620 |      0 |   2572 |   6 |  664.7 |
       Dungeon |   3585 |   2965 |    620 |      0 |   2370 |   5 |  717.0 |
       Ossuary |    402 |    402 |      0 |      0 |    202 |   1 |  402.0 |
               +--------+--------+--------+--------+--------+-----+--------+

Top non-repeatable levels by time:
     D:1: 1216 daAuts
     D:3: 1030 daAuts
     D:4: 658 daAuts
     D:2: 657 daAuts
 Ossuary: 402 daAuts
     D:5: 23 daAuts
